 Dungeon Crawl Stone Soup version 0.26-a0-651-gb41185065b (webtiles) character file.

Game seed: 5439827215948926615

2795 tof the Cleaver (level 9, -4/74 HPs)
             Began as a Minotaur Monk on Oct 7, 2020.
             Was a Believer of Hepliaklqana.
             Slain by a small abomination (16 damage)
             ... on level 6 of the Dungeon.
             The game lasted 00:13:49 (5978 turns).

tof the Cleaver (Minotaur Monk)                     Turns: 5978, Time: 00:13:50

Health: -4/74      AC: 15    Str: 19    XL:     9   Next: 43%
Magic:  10/10      EV: 17    Int:  7    God:    Hepliaklqana [**....]
Gold:   463        SH:  0    Dex: 13    Spells: 8/8 levels left

rFire    . . .     SeeInvis .   a - +0 hand axe
rCold    . . .     Faith    +   (no shield)
rNeg     . . .     Spirit   .   G - +0 acid dragon scales
rPois    .         Reflect  .   (helmet restricted)
rElec    .         Harm     .   x - +2 cloak
rCorr    +         Rampage  .   s - +2 pair of gloves
MR       +....                  (no boots)
Stlth    +.........             E - amulet of faith
HPRegen  0.22/turn              e - +4 ring of evasion
MPRegen  0.12/turn              I - ring of protection from magic

@: no status effects
A: retaliatory headbutt, reduced essence, horns 2
a: Recall Ancestor, Ancestor Identity, Renounce Religion


You were on level 6 of the Dungeon.
You worshipped Hepliaklqana.
Hepliaklqana was pleased with you.
You visited 2 branches of the dungeon, and saw 7 of its levels.

You collected 463 gold pieces.

Inventory:

Hand Weapons
 a - a +0 hand axe (weapon)
 t - a +0 short sword of flaming
Armour
 s - a +2 pair of gloves (worn)
 x - a +2 cloak (worn)
 z - a +3 leather armour of poison resistance
 G - +0 acid dragon scales (worn)
Jewellery
 e - a +4 ring of evasion (left hand)
 m - an uncursed ring of positive energy
 q - an uncursed amulet of magic regeneration
 E - an amulet of faith (around neck)
 I - a ring of protection from magic (right hand)
Wands
 y - a wand of flame (16)
 A - a wand of acid (5)
 B - a wand of random effects (16)
 D - a wand of polymorph (8)
 F - a wand of iceblast (4)
Scrolls
 d - 2 scrolls of noise
 g - 2 scrolls of enchant weapon
 h - 2 scrolls of amnesia
 k - 2 scrolls of fear
 l - 5 scrolls of remove curse
 o - 2 scrolls of teleportation {unknown}
 p - a scroll of enchant armour {unknown}
 w - 8 scrolls of identify
 H - a scroll of immolation {unknown}
Potions
 b - a potion of invisibility {unknown}
 c - a potion of cancellation {unknown}
 f - a potion of stabbing {unknown}
 i - a potion of might {unknown}
 j - a potion of lignification {unknown}
 n - 2 potions of curing
 r - a potion of berserk rage {unknown}
 u - 2 potions of mutation {unknown}
 v - 3 potions of heal wounds {unknown}
 C - a potion of ambrosia {unknown}


   Skills:
 * Level 9.2 Fighting
 * Level 9.3 Axes
 * Level 8.3 Armour
 - Level 3.2 Dodging
 - Level 1.5 Stealth
 + Level 2.7 Invocations
 + Level 2.4 Evocations


You had 8 spell levels left.
You didn't know any spells.
Your spell library was empty.

Dungeon Overview and Level Annotations

Branches:
Dungeon (6/15)             Temple (1/1) D:4

Altars:
Ashenzari
Cheibriados
Dithmenos
Elyvilon
Fedhas
Gozag
Hepliaklqana
Kikubaaqudgha
Makhleb
Nemelex Xobeh
Okawaru
Qazlal
Ru
Sif Muna
Trog
Uskayaw
Vehumet
Wu Jian
Xom
Yredelemnul
Zin
The Shining One

Portals:
Abyss: D:6

Annotations:
D:6 1 transporter, sinister's ghost, novice FoFi


Innate Abilities, Weirdness & Mutations

You reflexively headbutt those who attack you in melee.
You have a pair of horns on your head.
Your life essence is reduced to manifest your ancestor. (-10% HP)


Message History

The red ugly thing enters a dispersal trap!
Crom blinks! x2
The quasit blinks!
The small abomination blinks!
You blink.
The red ugly thing blinks!
Crom closely misses the small abomination.
The red ugly thing pecks you but does no damage.
Sinister's ghost hits you!
* * * LOW HITPOINT WARNING * * *
Okay, then.
You feel better. The quasit misses you. You furiously retaliate!
You headbutt the quasit!
You kill the quasit!
The red ugly thing barely misses you. Sinister's ghost misses you.
You hit sinister's ghost. Your headbutt misses sinister's ghost.
Sinister's ghost is heavily damaged.
You hit the red ugly thing but do no damage.
You hit the small abomination. The red ugly thing closely misses you.
The small abomination barely misses you.
The small abomination hits you!
You die...

##.....##........##.....
#..###....####....#.....
#.##.##..###.####.#)####
#.#.#.##©##.....#.#.#
#.##.#.###..##.##.#.#
#..#...§©..#####..#.#
##.###.§#.##.....##.#
#.(.#W##.#...©..##.#
#...#u@x##..###..#.#
#..##.#x#..##$##...#
##.##....##.#..###..#
#..#o#.^.R#####.##..#
#.##.##.#.=..^.##...#
#.#$W...#.#....#....#
#.#####...##.#∩#...##
#.###.##©####.##...#
#......###..###...##


You could see the friendly Crom the knight, a red ugly thing, an orc warrior, 2
small abominations and sinister's ghost.

Vanquished Creatures
  Maggie (D:6)
  Grinder (D:6)
  Eustachio (D:4)
  Duvessa (D:4)
  2 orc warriors (D:6)
  2 ogres
  2 scorpions
  A wight (D:5)
  A jelly (D:6)
  A quasit (D:6)
  Crazy Yiuf (D:3)
  5 orc wizards
  6 orc priests
  A hound (D:5)
  A bullfrog skeleton (D:6)
  A centaur skeleton (D:4)
  An iguana (D:5)
  Natasha (twice) (D:3)
  4 worker ants
  A hound skeleton (D:6)
  Robin (D:4)
  10 adders
  A gnoll (D:1)
  2 shadow imps
  An ufetubus (D:5)
  An ooze (D:4)
  3 dart slugs
  3 leopard geckos
  17 orcs
  5 bats
  7 giant cockroaches
  11 goblins
  5 hobgoblins
  8 jackals
  8 kobolds
  3 quokkas
  2 ball pythons
  A ball python skeleton (D:5)
  3 frilled lizards
  10 rats
138 creatures vanquished.

Vanquished Creatures (collateral kills)
  Menkaure (D:6)
  An ice beast (D:5)
  An ogre (D:5)
  Dowan (D:4)
  2 wights (D:6)
  A jelly (D:5)
  An orc priest (D:6)
  2 orc wizards (D:6)
  A bullfrog skeleton (D:4)
  A worker ant (D:5)
  A hound skeleton (D:6)
  An adder (D:6)
  7 orcs (D:5)
  2 jackals
  A leopard gecko zombie (D:5)
24 creatures vanquished.

Grand Total: 162 creatures vanquished

Notes
Turn   | Place    | Note
-------+----------+-------------------------------------------
     0 | D:1      | tof the Minotaur Monk began the quest for the Orb.
     0 | D:1      | Reached XP level 1. HP: 19/19 MP: 0/0
   246 | D:1      | Reached skill level 1 in Armour
   250 | D:1      | Reached XP level 2. HP: 20/27 MP: 1/1
   495 | D:1      | Reached XP level 3. HP: 29/33 MP: 2/2
   693 | D:1      | You fall into a shaft and drop 1 floor!
   693 | D:2      | Found an opulent altar of Gozag.
  1092 | D:2      | Found an ancient bone altar of Kikubaaqudgha.
  1101 | D:2      | Reached XP level 4. HP: 41/41 MP: 3/3
  1844 | D:3      | Noticed Natasha
  1856 | D:3      | Killed Natasha
  2144 | D:3      | Reached skill level 5 in Fighting
  2144 | D:3      | Reached skill level 5 in Axes
  2144 | D:3      | Reached XP level 5. HP: 48/48 MP: 4/4
  2213 | D:3      | Noticed Natasha
  2219 | D:3      | Killed Natasha
  2364 | D:3      | Found a runed translucent door.
  2365 | D:3      | Noticed Crazy Yiuf
  2373 | D:3      | Killed Crazy Yiuf
  2681 | D:4      | Reached XP level 6. HP: 56/56 MP: 5/5
  2685 | D:4      | Noticed Robin
  2694 | D:4      | Killed Robin
  2727 | D:4      | Found a blossoming altar of Fedhas.
  2853 | D:4      | Found a snail-covered altar of Cheibriados.
  2963 | D:4      | Found a staircase to the Ecumenical Temple.
  2972 | D:4      | Noticed Eustachio
  2977 | Temple   | Entered the Ecumenical Temple
  3240 | Temple   | Became a worshipper of Hepliaklqana the Forgotten
  3240 | Temple   | Reached * piety under Hepliaklqana
  3240 | Temple   | Reached ** piety under Hepliaklqana
  3241 | Temple   | Remembered your ancestor Crom as a knight
  3297 | D:4      | Killed Eustachio
  3297 | D:4      | Reached skill level 5 in Armour
  3297 | D:4      | Reached XP level 7. HP: 44/57 MP: 6/6
  3396 | D:4      | Noticed Duvessa
  3396 | D:4      | Noticed Dowan
  3405 | D:4      | Killed Duvessa
  3413 | D:4      | Killed Dowan
  3795 | D:5      | Entered Level 5 of the Dungeon
  3795 | D:5      | Found a basalt altar of Yredelemnul.
  3952 | D:5      | Reached XP level 8. HP: 65/65 MP: 7/7
  4200 | D:5      | Found a radiant altar of Vehumet.
  4296 | D:5      | Got a smoking rapier
  4296 | D:5      | Identified the cursed +3 rapier of Eternal Vigilance {elec,
                  | Int+2} (You found it on level 5 of the Dungeon)
  4447 | D:6      | Noticed Maggie
  4477 | D:5      | Reached skill level 1 in Invocations
  4781 | D:6      | Killed Maggie
  4781 | D:6      | Reached skill level 1 in Evocations
  5211 | D:6      | Noticed Menkaure
  5233 | D:6      | Reached XP level 9. HP: 70/73 MP: 9/9
  5239 | D:6      | Killed Menkaure
  5670 | D:6      | Found a bloodstained altar of Trog.
  5708 | D:6      | Noticed Grinder
  5713 | D:6      | Paralysed by Grinder for 7 turns
  5728 | D:6      | Killed Grinder
  5871 | D:6      | Found a transporter.
  5879 | D:6      | Found a one-way gate to the infinite horrors of the Abyss.
  5879 | D:6      | Noticed sinister's ghost (novice FoFi)
  5880 | D:6      | Identified the +3 flail of Dissatisfaction {distort, +Rage
                  | rN+}
  5882 | D:6      | Found the ring of Phasing {EV+8}
  5890 | D:6      | Found a transporter.
  5891 | D:6      | Noticed a red ugly thing
  5976 | D:6      | HP: 2/74 [sinister's ghost (9)]
  5978 | D:6      | Slain by a small abomination

Illustrated notes

Levels and vault maps discovered:
D:1:      dpeg_arrival_shelter, layout_loops_cross, minmay_vboxes
D:2:      layout_rooms, kiku_gazebo_pond_becter, overflow_temple_1_default
D:3:      layout_basic, minmay_cupped, uniq_crazy_yiuf_cottage, uniq_natasha
D:4:      layout_loops_ring, old_standard_altar, cheibriados_altar_1,
          temple_statues, uniq_duvessa, uniq_robin, uniq_eustachio
D:5:      layout_rooms, yredelemnul_altar_generic, vehumet_crystals,
          chequers_serial_rivers_micro_a
D:6:      hangedman_cross_stitches, layout_rooms, old_standard_altar,
          gammafunk_ghost_abyssal_escape, grunt_ministairs_8, uniq_maggie,
          uniq_grinder, uniq_menkaure
Temple:   regret_index_temple_generic_petals

Skill      XL: |  1  2  3  4  5  6  7  8  9 |
---------------+----------------------------+-----
Armour         | 1 2 3 5 6 7 8 |  8.3
Fighting       | 4 5 6 7 8 9 |  9.2
Axes           | 4 5 6 7 8 9 |  9.3
Invocations    | 2 |  2.7
Evocations     | 1 2 |  2.4
Dodging        | |  3.2
Stealth        | |  1.5

Action                   |  1- 3 |  4- 6 |  7- 9 || total
-------------------------+-------+-------+-------++-------
Melee: Hand axe          |    71 |   154 |   207 ||   432
       Headbutt          |    12 |    26 |    49 ||    87
Invok: Ancestor Life: Kn |       |     1 |       ||     1
       Ancestor Identity |       |     1 |       ||     1
  Use: Scroll            |       |     5 |     2 ||     7
       Potion            |       |       |     1 ||     1
 Stab: Sleeping          |     2 |     2 |     2 ||     6
       Distracted        |       |       |     1 ||     1
Armor: Robe              |    16 |     4 |       ||    20
       Chain mail        |       |    62 |       ||    62
       Leather armour    |       |       |    37 ||    37
       Acid dragon scale |       |       |    30 ||    30
Dodge: Dodged            |    67 |   103 |   175 ||   345

Table legend: (Time is in decaauts)
 A = Elapsed time spent in this place.
 B = Non-inter-level travel time spent in this place.
 C = Inter-level travel time spent in this place.
 D = Time resting spent in this place.
 E = Time spent auto-exploring this place.
 F = Levels seen in this place.
 G = Mean time per level.
                   A        B        C        D        E       F      G
               +--------+--------+--------+--------+--------+-----+--------+
         Total |   5974 |   5715 |    259 |   1521 |   2993 |   7 |  853.4 |
       Dungeon |   5684 |   5450 |    234 |   1521 |   2785 |   6 |  947.3 |
        Temple |    289 |    264 |     25 |      0 |    208 |   1 |  289.0 |
               +--------+--------+--------+--------+--------+-----+--------+

Top non-repeatable levels by time:
     D:5: 1176 daAuts
     D:6: 983 daAuts
     D:1: 958 daAuts
     D:3: 951 daAuts
     D:4: 893 daAuts
     D:2: 720 daAuts
  Temple: 289 daAuts
